 Dungeon Crawl Stone Soup version 0.21-a0-110-g8e1637b (webtiles) character file.

40296 shitimlost the Fighter (level 14, -3/119 HPs)
             Began as a Formicid Hunter on July 8, 2017.
             Was a High Priest of Okawaru.
             Slain by an entropy weaver (6 damage)
             ... on level 6 of the Lair of Beasts.
             The game lasted 00:49:39 (19475 turns).

shitimlost the Fighter (Formicid Hunter)           Turns: 19475, Time: 00:49:39

Health: -3/119     AC:  7    Str: 20    XL:     14   Next: 44%
Magic:  31/31      EV: 19    Int: 14    God:    Okawaru [*****.]
Gold:   809        SH:  0    Dex: 12    Spells: 13/13 levels left

rFire    + . .     SeeInvis +   d - +1 battleaxe
rCold    + + .     Gourm    .   t - +0 shield
rNeg     + . .     Faith    .   u - +2 swamp dragon scales
rPois    +         Spirit   .   (helmet unavailable)
rElec    +         Reflect  .   W - scarf {rC+ rF+}
rCorr    .         Harm     .   k - +0 pair of gloves
MR       +....                  q - +1 pair of boots
Stlth    +.........             (no amulet)
HPRegen  0.29/turn              T - ring of Isofiuse {-Tele rElec rC+ rN+ MP+9 Int+2}
MPRegen  0.22/turn              D - +4 ring of evasion

@: confused, heroism, finesse, corroded
A: permanent stasis, dig shafts and tunnels, four strong arms, antennae 3
a: Dig, Shaft Self, Heroism, Finesse, Renounce Religion


You were on level 6 of the Lair of Beasts.
You worshipped Okawaru.
Okawaru was extremely pleased with you.
You were not hungry.

You visited 3 branches of the dungeon, and saw 17 of its levels.

You collected 809 gold pieces.

Inventory:

Hand Weapons
 d - a +1 battleaxe (weapon)
 e - a +3 hunting sling of velocity
 h - a +1 short sword of speed
 o - a +1 fustibalus of velocity
 s - a +0 war axe
 v - the +3 long sword of the Many Realms {slice, +Blink Dex+6}
   (You found it on level 6 of the Dungeon)

   It inflicts extra damage upon your enemies.
   It affects your dexterity (+6).
   It lets you blink.
 A - the +6 hunting sling of Bax Eniu {venom, +Blink +Inv Stlth+}
   (You found it on level 4 of the Lair of Beasts)

   It poisons the ammo it fires.
   It lets you turn invisible.
   It lets you blink.
   It makes you more stealthy.
Missiles
 i - 451 stones
 K - 10 javelins
 N - 12 tomahawks (quivered)
Armour
 j - a +0 buckler of protection
 k - a +0 pair of gloves (worn)
 q - a +1 pair of boots (worn)
 t - a +0 shield (worn)
 u - +2 swamp dragon scales (worn)
 W - a scarf of resistance (worn)
Jewellery
 a - an uncursed ring of flight
 m - an uncursed ring of fire
 D - a +4 ring of evasion (right hand)
 L - an uncursed ring of protection from cold
 Q - a +2 ring of protection
 T - the ring of Isofiuse (left hand) {-Tele rElec rC+ rN+ MP+9 Int+2}
   (You found it on level 5 of the Lair of Beasts)

   [ring of positive energy]

   It affects your intelligence (+2).
   It protects you from cold.
   It insulates you from electricity.
   It protects you from negative energy.
   It affects your magic capacity (+9).
   It prevents most forms of teleportation.
Wands
 y - a wand of enslavement (18/24)
 B - a wand of random effects (22/48)
 H - a wand of confusion (7/48)
 J - a wand of iceblast (9/15)
 M - a wand of polymorph (4/24)
 O - a wand of paralysis (17/24)
 R - a wand of acid (10/15)
 S - a wand of random effects (15/48)
 X - a wand of lightning (4/15)
Scrolls
 b - 2 scrolls of magic mapping
 p - 4 scrolls of recharging
 r - 9 scrolls of remove curse
 G - 2 scrolls of fog
 I - a scroll of identify
Potions
 l - 7 potions of curing
 n - 2 potions of mutation
 w - a potion of ambrosia
 x - a potion of might
 z - 3 potions of lignification
 C - 5 potions of flight
 V - a potion of invisibility
 Y - 2 potions of magic
Miscellaneous
 g - a fan of gales
Comestibles
 f - 17 bread rations
 F - 8 royal jellies


   Skills:
 + Level 13.8(18.8) Fighting
 + Level 7.2(12.2) Axes
 - Level 12.5(17.5) Slings
 - Level 4.1(9.1) Armour
 - Level 2.5(7.5) Dodging
 - Level 6.2(11.2) Stealth
 - Level 9.5(14.5) Shields
 - Level 11.7 Invocations
 + Level 6.9 Evocations


You had 13 spell levels left.
You didn't know any spells.

Dungeon Overview and Level Annotations

Branches:
Dungeon (10/15)            Temple (1/1) D:4            Lair (6/6) D:10
  Swamp (0/4) Lair:3        Snake (0/4) Lair:4        Slime (0/5) Lair:5
    Orc: D:9-12

Altars:
Dithmenos
Elyvilon
Gozag
Nemelex Xobeh
Okawaru
Qazlal
Trog
Uskayaw
Wu Jian
Xom
Yredelemnul
Jiyva

Portals:
Trove: D:10 (give +3 gold dragon scales)

Annotations:
D:4 1 runed door, VonBacon's ghost, amateur MiFi
Lair:5 1 runed door


Innate Abilities, Weirdness & Mutations

You cannot be hasted, slowed, berserked, paralysed or teleported.
You can dig through walls and to a lower floor.
Your four strong arms can wield two-handed weapons with a shield.
You have a pair of large antennae on your head. (SInv)


Message History

The entropy weaver hits you.
* * * LOW HITPOINT WARNING * * *
The entropy weaver completely misses you.
The entropy weaver misses you. x2; The soldier ant stings something.
Okay, then.
You're too confused!
You closely miss the entropy weaver.
The entropy weaver is moderately wounded.
You closely miss the soldier ant. You slash the soldier ant!
The soldier ant closely misses you.
You slash the entropy weaver!
The entropy weaver is moderately wounded.
You hit the soldier ant.
You hit the soldier ant but do no damage.
You slash the soldier ant! The entropy weaver hits you.
* * * LOW HITPOINT WARNING * * *
The entropy weaver hits you!
* * * LOW HITPOINT WARNING * * *
The entropy weaver misses you. The entropy weaver hits you.
You die...

##.## #...#......P.##..###.......
#.# #...##.......##..P.........
#.# ##.####....................
P..####..P#.....................
##........P......................
.............(..................
....#..#.....(.#.####.P.....##..
P...##..##..((#### ####...#.##.
t......#. #(..aa@a### ......# .
..#....#...aa#a..## ......+.. .
#.(..((((aa.....(#......#...
##..#..(.##P.#..... # ##a###
.P.....# ...a ......## ..#.{
##....# # .. .#..# .. ...


You could see 2 entropy weavers and 7 soldier ants.

Vanquished Creatures
  The ghost of Trees the Spear-Bearer, a journeyman OpFi of Hepliaklqana (Lair:6)
  Erolcha (D:9)
  4 hydras
  4 catoblepae
  A death yak (Lair:6)
  An unseen horror (D:10)
  Pikel (D:9)
  An oklob plant (Lair:4)
  3 black mambas
  17 elephants
  2 rime drakes
  5 komodo dragons
  9 spiny frogs
  2 trolls (D:9)
  8 polar bears
  21 blink frogs
  Prince Ribbit (D:7)
  A wyvern (D:8)
  2 basilisks
  28 yaks
  A human (D:8)
  Eustachio (D:6)
  2 hogs (D:8)
  A hungry ghost (D:7)
  5 soldier ants (Lair:6)
  13 water moccasins
  Duvessa (D:6)
  5 porcupines
  3 ice beasts
  2 sky beasts (D:10)
  12 black bears
  2 orc warriors (D:7)
  2 slaves (D:9)
  2 phantoms
  3 ogres
  2 centaurs
  9 crocodiles
  A big kobold (D:10)
  13 bullfrogs
  2 gnoll sergeants (D:6)
  Dowan (D:6)
  2 scorpions (D:10)
  A water moccasin skeleton (D:10)
  4 killer bees (D:8)
  5 wights (D:10)
  2 howler monkeys (D:10)
  3 crimson imps
  2 hounds
  2 quasits
  2 centaur zombies
  2 bullfrog zombies
  A jelly (D:5)
  2 bullfrog skeletons
  A centaur skeleton (D:4)
  6 orc priests
  7 orc wizards
  5 iguanas
  16 worker ants
  A hound zombie (D:9)
  A hound skeleton (D:4)
  A worker ant zombie (D:10)
  5 gnolls
  15 adders
  4 shadow imps
  A worm (D:3)
  A dart slug (D:4)
  3 leopard geckos
  31 orcs
  A ball python (D:1)
  2 giant cockroaches
  8 goblins
  8 hobgoblins
  7 jackals
  3 quokkas
  5 bats
  4 frilled lizards
  A jackal zombie (D:6)
  10 kobolds
  A quokka skeleton (D:4)
  A quokka zombie (D:5)
  6 rats
  A plant (Lair:4)
380 creatures vanquished.

Vanquished Creatures (others)
  An iguana (D:9)
  5 fungi
  5 plants
11 creatures vanquished.

Grand Total: 391 creatures vanquished

Notes
Turn   | Place    | Note
-------+----------+-------------------------------------------
     0 | D:1      | shitimlost the Formicid Hunter began the quest for the Orb.
     0 | D:1      | Reached XP level 1. HP: 16/16 MP: 1/1
   110 | D:1      | Reached XP level 2. HP: 23/23 MP: 2/2
   762 | D:2      | Reached XP level 3. HP: 28/28 MP: 3/3
   933 | D:2      | Found a shimmering altar of Xom.
  1169 | D:2      | Reached XP level 4. HP: 34/34 MP: 4/4
  1717 | D:3      | Reached skill level 3 in Fighting
  1718 | D:3      | Reached XP level 5. HP: 41/41 MP: 5/5
  1726 | D:3      | Reached skill level 5 in Slings
  2183 | D:4      | Reached XP level 6. HP: 40/47 MP: 6/6
  2216 | D:4      | Reached skill level 1 in Armour
  2226 | D:4      | Found a bloodstained altar of Trog.
  2397 | D:4      | Found a hide-covered altar of Uskayaw.
  2399 | D:4      | Noticed VonBacon's ghost (amateur MiFi)
  2399 | D:4      | Reached skill level 4 in Fighting
  2880 | D:4      | Found a shadowy altar of Dithmenos.
  3026 | D:4      | Found a staircase to the Ecumenical Temple.
  3033 | Temple   | Entered the Ecumenical Temple
  3046 | Temple   | Became a worshipper of Warmaster Okawaru
  3177 | D:4      | HP: 2/48 [VonBacon's ghost (4)]
  3632 | D:4      | Reached XP level 7. HP: 54/54 MP: 7/7
  3745 | D:4      | Found a runed door.
  4633 | D:3      | You fall through a shaft for 3 floors!
  4742 | D:6      | Reached skill level 5 in Stealth
  4894 | D:5      | Entered Level 5 of the Dungeon
  5816 | D:5      | Reached XP level 8. HP: 41/61 MP: 8/8
  5996 | D:5      | Reached skill level 5 in Fighting
  6250 | D:6      | Noticed Duvessa
  6250 | D:6      | Noticed Dowan
  6318 | D:6      | Noticed Eustachio
  6638 | D:6      | Killed Duvessa
  6645 | D:6      | Killed Dowan
  7451 | D:6      | Reached skill level 1 in Invocations
  7521 | D:6      | Found a white marble altar of Elyvilon.
  7549 | D:6      | Reached * piety under Okawaru
  7775 | D:6      | Reached skill level 6 in Fighting
  7801 | D:6      | Killed Eustachio
  7801 | D:6      | Reached XP level 9. HP: 48/69 MP: 11/11
  7950 | D:6      | Got an iridescent long sword
  7954 | D:6      | Identified the +3 long sword of the Many Realms {slice, +Blink Dex+6} (You found it on level 6 of the Dungeon)
  8216 | D:7      | Found an ornate altar of the Wu Jian Council.
  8277 | D:7      | Reached ** piety under Okawaru
  8369 | D:7      | Reached skill level 7 in Fighting
  8369 | D:7      | Reached skill level 5 in Invocations
  8483 | D:7      | Noticed Prince Ribbit
  8486 | D:7      | Killed Prince Ribbit
  8555 | D:7      | Found a basalt altar of Yredelemnul.
  9715 | D:8      | Reached *** piety under Okawaru
  9871 | D:8      | Reached XP level 10. HP: 80/80 MP: 14/14
  9886 | D:8      | Reached skill level 8 in Fighting
 10598 | D:9      | Reached **** piety under Okawaru
 10759 | D:9      | Reached skill level 9 in Fighting
 10779 | D:9      | Noticed Erolcha
 10790 | D:9      | Killed Erolcha
 10790 | D:9      | Reached skill level 10 in Slings
 11123 | D:9      | Noticed Pikel
 11168 | D:9      | Killed Pikel
 11168 | D:9      | Reached XP level 11. HP: 86/89 MP: 17/17
 11420 | D:9      | Reached ***** piety under Okawaru
 11420 | D:9      | Received a gift from Okawaru
 11597 | D:10     | Entered Level 10 of the Dungeon
 11740 | D:10     | Noticed an unseen horror
 11745 | D:10     | Killed an unseen horror
 11765 | D:10     | Reached skill level 10 in Fighting
 11901 | D:10     | Reached skill level 5 in Shields
 11928 | D:10     | Received a gift from Okawaru
 11966 | D:10     | Found a portal to a secret trove of treasure.
 12068 | D:10     | Found a staircase to the Lair.
 12177 | D:10     | Received a gift from Okawaru
 12376 | Lair:1   | Entered Level 1 of the Lair of Beasts
 12549 | Lair:1   | Reached skill level 10 in Invocations
 12732 | Lair:1   | Received a gift from Okawaru
 12789 | Lair:1   | Reached XP level 12. HP: 72/98 MP: 19/19
 12817 | Lair:1   | Noticed a five-headed hydra
 12827 | Lair:1   | Killed a five-headed hydra
 12827 | Lair:1   | Received a gift from Okawaru
 12987 | Lair:1   | Received a gift from Okawaru
 13362 | Lair:2   | Reached skill level 11 in Fighting
 13472 | Lair:2   | Noticed an eight-headed hydra
 13479 | Lair:2   | Killed an eight-headed hydra
 13680 | Lair:2   | Received a gift from Okawaru
 13852 | Lair:2   | Noticed an eight-headed hydra
 13866 | Lair:2   | Killed an eight-headed hydra
 13903 | Lair:2   | Received a gift from Okawaru
 13912 | Lair:2   | Reached XP level 13. HP: 107/107 MP: 21/21
 14776 | Lair:3   | Found a staircase to the Swamp.
 15110 | Lair:4   | Found a staircase to the Snake Pit.
 15133 | Lair:4   | Reached skill level 12 in Fighting
 15133 | Lair:4   | Reached skill level 1 in Axes
 15141 | Lair:4   | Received a gift from Okawaru
 15251 | Lair:4   | Noticed a catoblepas
 15891 | Lair:4   | Reached skill level 1 in Evocations
 16552 | Lair:4   | Got an iridescent hunting sling
 16553 | Lair:4   | Identified the +6 hunting sling of Bax Eniu {venom, +Blink +Inv Stlth+} (You found it on level 4 of the Lair of Beasts)
 17143 | Lair:4   | Killed a catoblepas
 17512 | Lair:5   | Reached ****** piety under Okawaru
 17554 | Lair:5   | Received a gift from Okawaru
 17614 | Lair:5   | Reached skill level 5 in Axes
 17688 | Lair:5   | Reached skill level 13 in Fighting
 17799 | Lair:5   | Noticed a catoblepas
 17814 | Lair:5   | Killed a catoblepas
 17879 | Lair:5   | Reached skill level 5 in Evocations
 17893 | Lair:5   | Reached XP level 14. HP: 116/118 MP: 22/22
 18229 | Lair:5   | Got a twitching copper ring
 18507 | Lair:5   | Found a runed door.
 18508 | Lair:5   | Found a viscous altar of Jiyva.
 18510 | Lair:5   | Found a staircase to the Slime Pits.
 18510 | Lair:5   | Noticed an acid blob
 18511 | Lair:5   | Noticed an acid blob
 18533 | Lair:5   | Received a gift from Okawaru
 18628 | Lair:6   | Entered Level 6 of the Lair of Beasts
 19112 | Lair:6   | Identified the ring of Isofiuse {-Tele rElec rC+ rN+ MP+9 Int+2} (You found it on level 5 of the Lair of Beasts)
 19305 | Lair:6   | Noticed Trees's ghost (journeyman OpFi)
 19350 | Lair:6   | Killed Trees's ghost
 19442 | Lair:6   | Noticed an entropy weaver
 19473 | Lair:6   | Noticed an entropy weaver
 19475 | Lair:6   | HP: 3/119 [entropy weaver (9)]
 19475 | Lair:6   | Slain by an entropy weaver

Vault maps used:
D:1:      matt_arrival_refuge
D:2:      lemuel_doored_altar
D:3:      first_bread
D:4:      kennysheep_little_box, overflow_temple_1_default, temple_doors_e,
          minmay_strange_pillars, nicolae_dithmenos_through_a_glass_darkly,
          uniq_crazy_yiuf_cottage
D:5:      hangedman_abyss_or_decor_passed, serial_bayou_pond_d
D:6:      nicolae_overflow_crystal_walls, sword_in_stone, uniq_duvessa
D:7:      overflow_temple_1_default, kennysheep_mini, uniq_prince_ribbit1
D:8:      grunt_livestock, hangedman_decor_clover_reticule
D:9:      minmay_variable_closet, uniq_pikel, uniq_erolcha
D:10:     david_lair_shrubbed, nicolae_trove_entry_crossroad
Temple:   eino_temple_scatter_basement
Lair:1:   grunt_forest_stairs_basic
Lair:2:   beast_lair_carwin_large_4, serial_bayou_pond_b
Lair:3:   swamp_mist_pool
Lair:4:   dummy_snake_entry, minmay_lair_oklob_items, grunt_megastairs_5,
          lemuel_fruit_fields, infiniplex_staircase_pool_2
Lair:5:   slime_altar_2, eino_small_chamber_without_monster
Lair:6:   evilmike_catoblepas_cave, zaba_anthell

Skill      XL: |  1  2  3  4  5  6  7  8  9 10 11 12 13 14 |
---------------+-------------------------------------------+-----
Dodging        | 2 |  2.5
Stealth        | 2 3 4 5 6 |  6.2
Fighting       | 3 4 6 7 9 10 11 13 | 13.8
Slings         | 5 6 7 8 10 11 12 | 12.5
Armour         | 2 3 4 |  4.1
Invocations    | 3 6 8 10 11 | 11.7
Shields        | 3 6 8 9 |  9.5
Axes           | 5 7 |  7.2
Evocations     | 5 6 |  6.9

Action                   |  1- 3 |  4- 6 |  7- 9 | 10-12 | 13-15 || total
-------------------------+-------+-------+-------+-------+-------++-------
Melee: Short sword       |       |       |   268 |       |       ||   268
       Long sword        |       |       |    31 |    27 |     6 ||    64
       Hunting sling     |       |       |       |       |     1 ||     1
       Battleaxe         |       |       |       |       |    24 ||    24
 Fire: Hunting sling     |    59 |   197 |   142 |   720 |   529 ||  1647
       Fustibalus        |       |       |       |       |    63 ||    63
Throw: Javelin           |       |     3 |     9 |       |       ||    12
       Stone             |       |       |     1 |       |       ||     1
       Tomahawk          |       |       |     5 |       |       ||     5
Invok: Heroism           |       |       |       |     8 |     5 ||    13
       Finesse           |       |       |       |     5 |     2 ||     7
 Abil: Dig               |       |     7 |    11 |     4 |     8 ||    30
       Shaft Self        |       |       |     1 |       |       ||     1
Evoke: Wand              |       |       |    14 |       |       ||    14
  Use: Scroll            |       |    12 |     4 |    11 |     8 ||    35
       Potion            |       |     1 |     1 |       |     4 ||     6
 Stab: Sleeping          |       |       |     4 |     1 |       ||     5
       Confused          |       |       |     2 |       |       ||     2
  Eat: Royal jelly       |       |     1 |       |       |       ||     1
       Chunk             |       |     4 |     7 |    11 |     4 ||    26
       Fruit             |       |     4 |     2 |       |     5 ||    11
       Meat ration       |       |       |     3 |       |     1 ||     4
       Bread ration      |       |       |       |       |     1 ||     1
Armor: Leather armour    |     3 |    12 |       |       |       ||    15
       Ring mail         |       |     9 |     1 |       |       ||    10
       Swamp dragon scal |       |       |   109 |    56 |    55 ||   220
Dodge: Dodged            |     8 |    50 |   217 |   105 |   126 ||   506
Block: Shield            |       |       |    25 |    88 |   112 ||   225
       Rpst.: Long sword |       |       |    11 |     2 |       ||    13
